 Dungeon Crawl Stone Soup version 0.22.1-2-g9c5b331 (webtiles) character file.

55 delarado the Firebug (level 3, -1/19 HPs)
             Began as a Deep Elf Fire Elementalist on Dec 10, 2018.
             Slain by Grinder (8 damage)
             ... while paralysed by Grinder
             ... on level 4 of the Dungeon.
             The game lasted 00:10:10 (2768 turns).

delarado the Firebug (Deep Elf Fire Elementalist)   Turns: 2768, Time: 00:10:11

Health: -1/19      AC:  9    Str:  5    XL:     3   Next: 67%
Magic:  1/9        EV:  2    Int: 20    God:
Gold:   167        SH:  0    Dex: 15    Spells: 4/8 levels left

rFire    . . .     SeeInvis .   j - +4 spear (pierce)
rCold    . . .     Gourm    .   (no shield)
rNeg     . . .     Faith    .   l - +0 robe (curse)
rPois    .         Spirit   .   (no helmet)
rElec    .         Reflect  .   n - +1 cloak
rCorr    .         Harm     .   (no gloves)
MR       .....                  f - +0 pair of boots
Stlth    ++........             (no amulet)
HPRegen  0.06/turn              b - +4 ring of protection
MPRegen  0.11/turn              (no ring)

@: paralysed
A: no striking features
a: no special abilities


You were on level 4 of the Dungeon.
You were not hungry.

You visited 1 branch of the dungeon, and saw 4 of its levels.

You collected 167 gold pieces.

Inventory:

Hand Weapons
 h - a +0 whip
 j - a +4 spear of piercing (weapon)
Missiles
 e - 122 stones (quivered)
Armour
 a - a +0 robe
 f - a +0 pair of boots (worn)
 l - a cursed +0 robe (worn)
 n - a +1 cloak (worn)
Jewellery
 b - a +4 ring of protection (left hand)
Scrolls
 d - 2 scrolls of remove curse
Potions
 g - a potion of curing
 i - a potion of ambrosia
 k - a potion of agility
 p - a potion of haste {unknown}
Comestibles
 c - a ration


   Skills:
 - Level 2.4 Dodging
 - Level 2.4 Stealth
 - Level 3.0 Spellcasting
 + Level 2.9 Conjurations
 + Level 4.3 Fire Magic


You had 4 spell levels left.
You knew the following spells:

 Your Spells              Type           Power        Failure   Level  Hunger
a - Flame Tongue          Conj/Fire      ###..        3%          1    None
b - Conjure Flame         Conj/Fire      ###.....     10%         3    ###....

Your spell library contained the following spells:

 Spells                   Type           Power        Failure   Level  Hunger
 Throw Flame              Conj/Fire      ###...       4%          2    ##.....
 Inner Flame              Hex/Fire       ##......     17%         3    ###....
 Sticky Flame             Conj/Fire      ###.....     32%         4    ####...
 Fireball                 Conj/Fire      ###.......   65%         5    ######.


Dungeon Overview and Level Annotations

Branches:
Dungeon (4/15)
 Temple: D:4-7

Altars:
Hepliaklqana
Ru
Wu Jian
Xom
Beogh

Annotations:
D:3 3 runed doors, 1 exclusion, smtktc's ghost, weakling HOFi
D:4 Grinder


Message History

Casting: Flame Tongue (safe; 3% risk of failure)
Confirm with . or Enter, or press ? or * to list all spells.
Aiming: Flame Tongue (safe; 3% risk of failure)
Press: ? - help, Shift-Dir - straight line, f/p - Grinder
Aim: Grinder (severely wounded)
The flame tongue misses Grinder.
Grinder barely misses you.
Casting: Flame Tongue (safe; 3% risk of failure)
Confirm with . or Enter, or press ? or * to list all spells.
Aiming: Flame Tongue (safe; 3% risk of failure)
Press: ? - help, Shift-Dir - straight line, f/p - Grinder
Aim: Grinder (severely wounded)
The flame tongue misses Grinder.
Grinder gestures at you.
You suddenly lose the ability to move!
Grinder gestures at you. Pain shoots through your body!
Ouch! That really hurt!
You hear the slow rusting of a very distant drain.
Grinder hits you!
You die...

#....# #.........5..
####....##+#.....?......
................########
................#
................#
................#
................#
..##+####.......##### ..
#.......@...#
#......5#...#
#.......#####
#.#####.......#
#.....#.......#
#.....'.......#
#######.......#
#.......# #.......#####


You could see Grinder.

Vanquished Creatures
  An ooze (D:2)
  A worm (D:2)
  2 dart slugs (D:1)
  2 leopard geckos
  An orc (D:3)
  5 bats
  3 giant cockroaches
  4 goblins
  2 hobgoblins (D:1)
  3 jackals (D:2)
  8 kobolds
  7 rats
39 creatures vanquished.

Notes
Turn   | Place    | Note
-------+----------+-------------------------------------------
     0 | D:1      | delarado the Deep Elf Fire Elementalist began the quest for
                  | the Orb.
     0 | D:1      | Reached XP level 1. HP: 10/10 MP: 6/6
   263 | D:1      | Reached XP level 2. HP: 15/15 MP: 5/8
   648 | D:1      | Reached skill level 4 in Fire Magic
   726 | D:1      | Reached XP level 3. HP: 19/19 MP: 6/9
  1266 | D:2      | Learned a level 3 spell: Conjure Flame
  1398 | D:2      | Found a faded altar of an unknown god.
  1522 | D:2      | Found a shimmering altar of Xom.
  1523 | D:2      | Found an ornate altar of the Wu Jian Council.
  1774 | D:3      | Found a sacrificial altar of Ru.
  1776 | D:3      | Found a hazy altar of Hepliaklqana.
  2237 | D:3      | Found a runed gate.
  2239 | D:3      | Found a runed gate.
  2241 | D:3      | Found a runed gate.
  2241 | D:3      | Noticed smtktc's ghost (weakling HOFi)
  2249 | D:3      | Found a roughly hewn altar of Beogh.
  2740 | D:4      | Noticed Grinder
  2740 | D:4      | Paralysed by Grinder for 6 turns
  2766 | D:4      | Paralysed by Grinder for 5 turns
  2768 | D:4      | Slain by Grinder

Skill      XL: |  1  2 |
---------------+-------+-----
Conjurations   | 2 |  2.9
Fire Magic     | 4 |  4.3
Dodging        | |  2.4
Stealth        | |  2.4
Spellcasting   | |  3.0

Action                   || total
-------------------------++-------
Melee: Spear             ||    11
Throw: Stone             ||    46
 Cast: Flame Tongue      ||    76
  Use: Scroll            ||     9
       Potion            ||     1
  Eat: Ration            ||     2
       Chunk             ||     1
Armor: Robe              ||     8
Dodge: Dodged            ||    20
